 Dungeon Crawl Stone Soup version 0.19.5 (webtiles) character file.

3103 Jerry the Severer (level 9, -2/75 HPs)
             Began as a Hill Orc Fighter on Mar 23, 2017.
             Was a Believer of Okawaru.
             Slain by Pikel
             ... wielding a +2 whip of freezing
              (3 damage)
             ... on level 7 of the Dungeon.
             The game lasted 00:19:16 (5506 turns).

Jerry the Severer (Hill Orc Fighter)                Turns: 5506, Time: 00:19:17

Health: -2/75      AC:  0    Str: 20    XL:     9   Next: 90%
Magic:  11/11      EV: 21    Int:  8    God:    Okawaru [**....]
Gold:   404        SH:  0    Dex: 14    Spells: 1 memorised, 6 levels left

rFire  . . .     SeeInvis .     (weapon currently unavailable)
rCold  . . .     Gourm    .     (armour currently unavailable)
rNeg   . . .     Faith    .     (shield currently unavailable)
rPois  .         Spirit   .     (helmet currently unavailable)
rElec  .         Reflect  .     (cloak currently unavailable)
rCorr  .         Harm     .     (gloves currently unavailable)
MR     .....                    (boots currently unavailable)
Stlth  +.........               (amulet currently unavailable)
                                (ring currently unavailable)
                                (ring currently unavailable)

@: porcupine-form (expiring), quick
A: (antennae 0), (slimy green scales 0), agile 1, screaming 1
a: Heroism, Renounce Religion


You were on level 7 of the Dungeon.
You worshipped Okawaru.
Okawaru was pleased with you.
You were not hungry.
You were a spiny porcupine.
You visited 2 branches of the dungeon, and saw 8 of its levels.

You collected 404 gold pieces.

Inventory:

Hand Weapons
 a - a +1 war axe of electrocution
 H - a +0 trident of protection
 I - the +1 hand axe "Fumpy" {chop, *Noise rC+ Str+2}
   (You found it on level 4 of the Dungeon)

   It inflicts extra damage upon your enemies.
   It affects your strength (+2).
   It protects you from cold.
   It may make noises in combat.
 M - a cursed -3 battleaxe (melded)
Armour
 c - a +0 shield
 k - a +0 cloak (melded)
 p - a +1 pair of gloves (melded)
 u - a +2 ring mail of fire resistance
 y - a +3 ring mail of cold resistance (melded)
 z - a +1 helmet
 E - a +2 hat (melded)
 F - a +0 pair of boots (melded)
Jewellery
 g - a cursed ring of teleportation (melded)
 t - a +6 ring of evasion (melded)
 v - an uncursed amulet of faith
Wands
 m - a wand of polymorph (13/24)
Scrolls
 e - 2 scrolls of recharging
 i - 2 scrolls of brand weapon
 l - 2 scrolls of teleportation
 r - a scroll of magic mapping
 G - 2 scrolls of enchant weapon
 J - a scroll of enchant armour
Potions
 b - a potion of cancellation {unknown}
 h - 4 potions of brilliance
 j - 5 potions of curing
 n - 4 potions of cure mutation
 o - a potion of flight
 w - 2 potions of lignification
 x - a potion of resistance
 B - a potion of mutation {unknown}
 L - a potion of haste {unknown}
Books
 s - a book of Minor Magic

   Spells                             Type                      Level
   a - Magic Dart                     Conjuration                  1
   b - Blink                          Translocation                2
   c - Call Imp                       Summoning                    2
   d - Repel Missiles                 Charms/Air                   2
   e - Slow                           Hexes                        2
   f - Conjure Flame                  Conjuration/Fire             3
   g - Mephitic Cloud                 Conjuration/Poison/Air       3
 C - a book of Changes

   Spells                             Type                      Level
   a - Beastly Appendage              Transmutation                1
   b - Sticks to Snakes               Transmutation                2
   c - Spider Form                    Transmutation/Poison         3
   d - Ice Form                       Ice/Transmutation            4
   e - Blade Hands                    Transmutation                5
 K - a book of Misfortune

   Spells                             Type                      Level
   a - Confusing Touch                Hexes                        1
   b - Confuse                        Hexes                        3
   c - Gell's Gravitas                Hexes/Translocation          3
   d - Petrify                        Transmutation/Earth          4
   e - Metabolic Englaciation         Hexes/Ice                    5
   f - Yara's Violent Unravelling     Hexes/Transmutation          5
Comestibles
 d - 2 beef jerkies
 f - 4 bread rations
 q - 2 slices of pizza
 A - 2 fruits
 D - 2 meat rations
 N - 2 chunks of flesh


   Skills:
 + Level 6.2 Fighting
 * Level 16.9 Axes
 + Level 5.5 Armour
 + Level 3.7 Dodging
 - Level 3.2 Shields
 + Level 2.6 Invocations


You had 6 spell levels left.
You knew the following spells:

 Your Spells              Type           Power        Failure   Level  Hunger
a - Repel Missiles        Chrm/Air       #.....       69%         2    ###....


Dungeon Overview and Level Annotations

Branches:
Dungeon (7/15)             Temple (1/1) D:5

Altars:
Ashenzari
Cheibriados
Elyvilon
Fedhas
Gozag
Hepliaklqana
Kikubaaqudgha
Makhleb
Nemelex Xobeh
Okawaru
Qazlal
Ru
Sif Muna
Trog
Uskayaw
Vehumet
Xom
Yredelemnul
Zin
The Shining One

Shops:
D:5 [=(

Annotations:
D:7 Pikel


Innate Abilities, Weirdness & Mutations

((You have a pair of small antennae on your head.))
((You are partially covered in slimy green scales. (AC +2)))
You are agile. (Dex +2)
You occasionally shout uncontrollably at your foes.


Message History

Your transformation is almost over.
Pikel hits you with a whip of freezing.
* * * LOW HITPOINT WARNING * * *
Pikel freezes you.
* * * LOW HITPOINT WARNING * * *
You barely miss Pikel.
Pikel is almost dead.
Pikel misses you.
You closely miss Pikel.
Pikel is almost dead.
Pikel is struck by your spines. Pikel hits you with a whip of freezing!
* * * LOW HITPOINT WARNING * * *
Pikel freezes you.
* * * LOW HITPOINT WARNING * * *
You barely miss Pikel.
Pikel is almost dead.
Pikel hits you with a whip of freezing.
* * * LOW HITPOINT WARNING * * *
Pikel freezes you.
You die...

#....# #....#
#....####
#....)..
#....#..
#....#.#
#.#.#.# .
#.#[#.# ...
#rK.[.####.....
#..[.[....>.>#
#..<.###...###
#.#.## .###
#.#.# .# #....
## #.....
#$....# #.....#


You could see Pikel.

Vanquished Creatures
  Sigmund (D:2)
  Eustachio (D:5)
  Menkaure (D:7)
  4 slaves (D:7)
  2 orc warriors (D:6)
  2 sky beasts (D:6)
  3 phantoms
  3 ogres
  3 centaurs
  A bullfrog (D:6)
  2 scorpions (D:4)
  3 crimson imps
  A bullfrog zombie (D:6)
  A hound (D:4)
  A jelly (D:5)
  2 bullfrog skeletons
  An orc priest (D:6)
  Terence (D:2)
  An iguana (D:6)
  2 orc wizards (D:6)
  Natasha (thrice) (D:2)
  6 worker ants
  3 gnolls (D:6)
  2 adders
  A worm (D:2)
  3 dart slugs (D:1)
  4 leopard geckos
  17 orcs
  4 bats
  4 giant cockroaches
  9 hobgoblins
  2 jackals (D:3)
  4 quokkas
  2 ball pythons
  6 frilled lizards
  7 goblins
  12 kobolds
  4 rats
  A fungus (D:3)
130 creatures vanquished.

Notes
Turn   | Place    | Note
-------+----------+-------------------------------------------
     0 | D:1      | Jerry the Hill Orc Fighter began the quest for the Orb.
     0 | D:1      | Reached XP level 1. HP: 19/19 MP: 1/1
    27 | D:1      | Reached skill level 3 in Axes
   165 | D:1      | Reached XP level 2. HP: 27/27 MP: 2/2
   622 | D:1      | Reached XP level 3. HP: 33/33 MP: 3/3
   817 | D:1      | Reached skill level 1 in Dodging
   934 | D:2      | Noticed Sigmund
   942 | D:2      | Killed Sigmund
   942 | D:2      | Reached skill level 5 in Axes
   942 | D:2      | Reached XP level 4. HP: 23/41 MP: 4/4
   942 | D:2      | Reached XP level 5. HP: 27/47 MP: 5/5
  1087 | D:2      | Found an opulent altar of Gozag.
  1172 | D:2      | Learned a level 2 spell: Repel Missiles
  1231 | D:2      | Noticed Terence
  1240 | D:2      | Killed Terence
  1254 | D:2      | Noticed Natasha
  1268 | D:2      | Killed Natasha
  1268 | D:2      | Reached XP level 6. HP: 37/53 MP: 6/6
  1307 | D:2      | Noticed Natasha
  1318 | D:2      | Killed Natasha
  1447 | D:2      | Noticed Natasha
  1455 | D:2      | Killed Natasha
  1580 | D:3      | Found a hide-covered altar of Uskayaw.
  2270 | D:4      | Noticed a phantom
  2290 | D:4      | Killed a phantom
  2290 | D:4      | Reached skill level 5 in Fighting
  2290 | D:4      | Reached skill level 6 in Axes
  2353 | D:4      | Reached XP level 7. HP: 60/61 MP: 7/7
  2577 | D:4      | Got a twisted hand axe
  2743 | D:4      | Found a radiant altar of Vehumet.
  2743 | D:4      | Found a basalt altar of Yredelemnul.
  2919 | D:4      | Reached skill level 7 in Axes
  2989 | D:4      | Identified the cursed +1 hand axe "Fumpy" {chop, *Noise rC+ Str+2} (You found it on level 4 of the Dungeon)
  3007 | D:4      | Reached skill level 16 in Axes
  3007 | D:4      | Reached XP level 8. HP: 69/69 MP: 8/8
  3055 | D:5      | Entered Level 5 of the Dungeon
  3094 | D:5      | Reached skill level 5 in Armour
  3240 | D:5      | Found Orghuqu's Antique Weapon Emporium.
  3281 | D:5      | Found a staircase to the Ecumenical Temple.
  3290 | Temple   | Entered the Ecumenical Temple
  3394 | Temple   | Became a worshipper of Warmaster Okawaru
  3495 | D:5      | Reached XP level 9. HP: 68/74 MP: 9/9
  3524 | D:5      | Found Sippouc's Jewellery Boutique.
  3662 | D:5      | Found Xiumputt's Armour Emporium.
  3776 | D:5      | Noticed Eustachio
  3782 | D:5      | Killed Eustachio
  3916 | D:6      | Reached skill level 1 in Invocations
  4019 | D:6      | Gained mutation: You are agile. (Dex +2) [mutagenic meat]
  4020 | D:6      | Gained mutation: You are partially covered in slimy green scales. (AC +2) [mutagenic meat]
  4021 | D:6      | Gained mutation: You have a pair of small antennae on your head. [mutagenic meat]
  4022 | D:6      | Gained mutation: You occasionally shout uncontrollably at your foes. [mutagenic meat]
  4154 | D:6      | Reached * piety under Okawaru
  4517 | D:6      | Identified a scroll of acquirement
  5288 | D:6      | Found a deep blue altar of Sif Muna.
  5418 | D:7      | Noticed Pikel
  5426 | D:7      | Noticed Menkaure
  5435 | D:7      | Killed Menkaure
  5435 | D:7      | Reached ** piety under Okawaru
  5506 | D:7      | HP: 1/75 [Pikel/whip of freezing (6)]
  5506 | D:7      | Slain by Pikel

Skill      XL: |  1  2  3  4  5  6  7  8  9 |
---------------+----------------------------+-----
Axes           | 3 5 6 16 | 16.9
Dodging        | 1 2 3 |  3.7
Fighting       | 4 5 6 |  6.2
Armour         | 4 5 |  5.5
Invocations    | 2 |  2.6
Shields        | |  3.2

Action                   |  1- 3 |  4- 6 |  7- 9 || total
-------------------------+-------+-------+-------++-------
Melee: War axe           |    67 |   157 |   174 ||   398
       Battleaxe         |       |       |    76 ||    76
       Unarmed           |       |       |    19 ||    19
  Use: Potion            |     1 |       |     1 ||     2
       Scroll            |       |       |    22 ||    22
  Eat: Chunk             |       |     5 |    14 ||    19
Armor: Scale mail        |    23 |    15 |       ||    38
       Ring mail         |       |    32 |    53 ||    85
Dodge: Dodged            |    13 |   110 |   171 ||   294
Block: Shield            |    34 |    12 |       ||    46
